APP
CLEVELAND (APP) INDIANS @ DETROIT (APP) TIGERS
09/15/2046
 
TOP OF THE 1ST
Cleveland (APP) Indians batting - Pitching for Detroit (APP) Tigers : RHP Neel Verhelst
Pitching: RHP Neel Verhelst
Batting: RHB Kenzo Shinoda 0-0: Ball
1-0: Ground out 5-3 (Groundball, 56, EV 83.1 MPH)
Batting: RHB John Bianconi 0-0: Swinging Strike
0-1: Ball
1-1: Ball
2-1: Ball
3-1: SINGLE (Groundball, 5D, EV 110.6 MPH)
Batting: LHB Shane Montalvo 0-0: Ball
1-0: Ball
2-0: Ball
John Bianconi steals 2nd base
3-0: Called Strike
3-1: Foul Ball, location: 2F
3-2: Ground out U3 (Groundball, 34, EV 82.5 MPH)
John Bianconi to third
Batting: LHB Jeff Palmowski 0-0: Called Strike
0-1: Foul Ball, location: 2F
0-2: Ball
1-2: Ball
2-2: Foul Ball, location: 2F
2-2: Ball
3-2: 2-RUN HOME RUN (Flyball, 78XD, EV 106.2 MPH), Distance : 401 ft
Batting: RHB Eric Kuck 0-0: Ball
1-0: Called Strike
1-1: Ball
2-1: Swinging Strike
2-2: Ground out 6-3 (Groundball, 6, EV 93.1 MPH)
Top of the 1st over - 2 runs, 2 hits, 0 errors, 0 left on base; Cleveland (APP) 2 - Detroit (APP) 0
BOTTOM OF THE 1ST
Detroit (APP) Tigers batting - Pitching for Cleveland (APP) Indians : LHP Tony Flores
Pitching: LHP Tony Flores
Batting: LHB Timotheus Young 0-0: Ball
1-0: Called Strike
1-1: Ball
2-1: Called Strike
2-2: Foul Ball, location: 2F
2-2: SOLO HOME RUN (Flyball, 9LD, EV 94.4 MPH), Distance : 347 ft
Batting: RHB Norm Wood 0-0: Ball
1-0: Called Strike
1-1: Ball
2-1: Ball
3-1: Called Strike
3-2: TRIPLE (Flyball, 89XD, EV 106.2 MPH)
Batting: SHB Jean-Luc Legros 0-0: Called Strike
0-1: Ball
1-1: Ground out 6-3 (Groundball, 6, EV 83.1 MPH)
Norm Wood scores
Batting: RHB German Quiroga 0-0: Called Strike
0-1: Ball
1-1: Foul Ball, location: 2F
1-2: Strikes out swinging
Batting: RHB Nate Dabney 0-0: Foul Ball, location: 2F
0-1: Called Strike
0-2: Ground out 6-3 (Groundball, 6, EV 83.8 MPH)
Bottom of the 1st over - 2 runs, 2 hits, 0 errors, 0 left on base; Cleveland (APP) 2 - Detroit (APP) 2
TOP OF THE 2ND
Cleveland (APP) Indians batting - Pitching for Detroit (APP) Tigers : RHP Neel Verhelst
Batting: RHB Ricky Cordova 0-0: Ball
1-0: Ball
2-0: Ball
3-0: Base on Balls
Batting: LHB Rich Walker 0-0: Ball
Ricky Cordova steals 2nd base
1-0: Ball
2-0: Called Strike
2-1: Ball
Passed Ball!
Ricky Cordova to third
3-1: Called Strike
3-2: Strikes out swinging
Batting: RHB Gashie Chimsima 0-0: Ball
1-0: Foul Ball, location: 2F
1-1: Ball
2-1: Ground out 6-3 (Groundball, 6M, EV 83.1 MPH)
Ricky Cordova scores
Batting: RHB Andy Lewis 0-0: Ball
1-0: Ball
2-0: Called Strike
2-1: Ground out 6-3 (Groundball, 56D, EV 102.5 MPH)
Top of the 2nd over - 1 run, 0 hits, 0 errors, 0 left on base; Cleveland (APP) 3 - Detroit (APP) 2
BOTTOM OF THE 2ND
Detroit (APP) Tigers batting - Pitching for Cleveland (APP) Indians : LHP Tony Flores
Batting: LHB Afanasy Zasekin 0-0: Swinging Strike
0-1: Ball
1-1: Called Strike
1-2: Ball
2-2: Foul Ball, location: 2F
2-2: Strikes out swinging
Batting: RHB Jose Evangelista 0-0: Called Strike
0-1: Ball
1-1: Ground out 4-3 (Groundball, 4, EV 98.8 MPH)
Batting: RHB Juan Acero 0-0: Called Strike
0-1: Ball
1-1: Foul Ball, location: 2F
1-2: Ball
2-2: Strikes out swinging
Bottom of the 2nd over - 0 runs, 0 hits, 0 errors, 0 left on base; Cleveland (APP) 3 - Detroit (APP) 2
TOP OF THE 3RD
Cleveland (APP) Indians batting - Pitching for Detroit (APP) Tigers : RHP Neel Verhelst
Batting: RHB Kenzo Shinoda 0-0: Called Strike
0-1: Ball
1-1: Ball
2-1: Foul Ball, location: 2F
2-2: Ball
3-2: Base on Balls
Batting: RHB John Bianconi 0-0: Called Strike
Kenzo Shinoda steals 2nd base
0-1: Ball
1-1: Ground out 6-3 (Groundball, 6, EV 102.5 MPH)
Batting: LHB Shane Montalvo 0-0: Called Strike
0-1: Fly out, F7 (Flyball, 78S, EV 85.0 MPH)
Batting: LHB Jeff Palmowski 0-0: Ball
1-0: Ball
2-0: Ball
3-0: Base on Balls
Batting: RHB Eric Kuck 0-0: Ball
Wild Pitch!
Kenzo Shinoda to third
Jeff Palmowski to second
1-0: Ball
2-0: Ball
3-0: Called Strike
3-1: Foul Ball, location: 2F
3-2: Foul Ball, location: 2F
3-2: Fly out, F9 (Flyball, 9D, EV 89.4 MPH)
Top of the 3rd over - 0 runs, 0 hits, 0 errors, 2 left on base; Cleveland (APP) 3 - Detroit (APP) 2
BOTTOM OF THE 3RD
Detroit (APP) Tigers batting - Pitching for Cleveland (APP) Indians : LHP Tony Flores
Batting: RHB Carlos Avila 0-0: Ball
1-0: Ball
2-0: Fly out, F9 (Flyball, 9S, EV 72.5 MPH)
Batting: LHB Timotheus Young 0-0: Ball
1-0: Foul Ball, location: 2F
1-1: Ground out U3 (Groundball, 3, EV 92.5 MPH)
Batting: RHB Norm Wood 0-0: Ball
1-0: Ball
2-0: TRIPLE (Flyball, 78XD, EV 96.9 MPH)
Batting: SHB Jean-Luc Legros 0-0: Called Strike
0-1: Ball
1-1: Ball
2-1: Foul Ball, location: 2F
2-2: Ball
3-2: Base on Balls
Batting: RHB German Quiroga 0-0: Ball
1-0: Ball
2-0: Ball
3-0: Swinging Strike
3-1: Swinging Strike
3-2: Fly out, F2 (Popup, 25F, EV 80.0 MPH)
Bottom of the 3rd over - 0 runs, 1 hit, 0 errors, 2 left on base; Cleveland (APP) 3 - Detroit (APP) 2
TOP OF THE 4TH
Cleveland (APP) Indians batting - Pitching for Detroit (APP) Tigers : RHP Neel Verhelst
Batting: RHB Ricky Cordova 0-0: Called Strike
0-1: Ball
1-1: SOLO HOME RUN (Flyball, 7D, EV 105.0 MPH), Distance : 378 ft
Batting: LHB Rich Walker 0-0: Ball
1-0: Ball
2-0: Ball
3-0: Called Strike
3-1: Base on Balls
Batting: RHB Gashie Chimsima 0-0: Foul Ball, location: 2F
0-1: Ball
1-1: Ball
Passed Ball!
Rich Walker to second
2-1: Foul Ball, location: 2F
2-2: Strikes out looking
Batting: RHB Andy Lewis 0-0: Swinging Strike
0-1: Ball
1-1: Fly out, F5 (Popup, 56S, EV 88.1 MPH)
Batting: RHB Kenzo Shinoda 0-0: Ball
1-0: Ball
2-0: Fly out, F8 (Flyball, 8RS, EV 84.4 MPH)
Top of the 4th over - 1 run, 1 hit, 0 errors, 1 left on base; Cleveland (APP) 4 - Detroit (APP) 2
BOTTOM OF THE 4TH
Detroit (APP) Tigers batting - Pitching for Cleveland (APP) Indians : LHP Tony Flores
Batting: RHB Nate Dabney 0-0: Called Strike
0-1: Ground out 2-3 (Groundball, 13S, EV 72.5 MPH)
Batting: LHB Afanasy Zasekin 0-0: Called Strike
0-1: Fly out, F8 (Flyball, 78D, EV 104.4 MPH)
Batting: RHB Jose Evangelista 0-0: Ball
1-0: Ball
2-0: Ball
3-0: Base on Balls
Batting: RHB Juan Acero 0-0: Foul Ball, location: 2F
0-1: Called Strike
Jose Evangelista steals 2nd base
0-2: Foul Ball, location: 2F
0-2: Foul Ball, location: 2F
0-2: Foul Ball, location: 2F
0-2: Foul Ball, location: 2F
0-2: Ball
1-2: Ball
2-2: Ball
3-2: SINGLE (Groundball, 3D, EV 94.4 MPH)
Jose Evangelista to third
Runner from 3rd tries for Home, SAFE, throw by RF to home
Batting: RHB Carlos Avila 0-0: Called Strike
0-1: Swinging Strike
0-2: Ball
1-2: Strikes out swinging
Bottom of the 4th over - 1 run, 1 hit, 0 errors, 1 left on base; Cleveland (APP) 4 - Detroit (APP) 3
TOP OF THE 5TH
Cleveland (APP) Indians batting - Pitching for Detroit (APP) Tigers : RHP Neel Verhelst
Pitching: RHP Ramiro Silva
Batting: RHB John Bianconi 0-0: Foul Ball, location: 2F
0-1: Swinging Strike
0-2: Foul Ball, location: 2F
0-2: Ball
1-2: Ball
2-2: Ball
3-2: Foul Ball, location: 2F
3-2: Base on Balls
Batting: LHB Shane Montalvo 0-0: Called Strike
0-1: Ball
1-1: Fielders Choice at 2nd, 4-6 (Groundball, 4, EV 90.6 MPH)
Batting: LHB Jeff Palmowski 0-0: Ball
Shane Montalvo steals 2nd base
1-0: Called Strike
1-1: Called Strike
1-2: Ball
2-2: Strikes out swinging
Batting: RHB Eric Kuck 0-0: Ground out 5-3 (Groundball, 56, EV 77.5 MPH)
Top of the 5th over - 0 runs, 0 hits, 0 errors, 1 left on base; Cleveland (APP) 4 - Detroit (APP) 3
BOTTOM OF THE 5TH
Detroit (APP) Tigers batting - Pitching for Cleveland (APP) Indians : LHP Tony Flores
Batting: LHB Timotheus Young 0-0: Ball
1-0: Foul Ball, location: 2F
1-1: Ball
2-1: Ground out 4-3 (Groundball, 4, EV 101.2 MPH)
Pitching: LHP Alec Valencia
Batting: RHB Norm Wood 0-0: Called Strike
0-1: Foul Ball, location: 2F
0-2: Foul Ball, location: 2F
0-2: Ball
1-2: Foul Ball, location: 2F
1-2: Strikes out swinging
Batting: SHB Jean-Luc Legros 0-0: Ball
1-0: Called Strike
1-1: Called Strike
1-2: Ball
2-2: Ground out 5-3 (Groundball, 56, EV 83.8 MPH)
Bottom of the 5th over - 0 runs, 0 hits, 0 errors, 0 left on base; Cleveland (APP) 4 - Detroit (APP) 3
TOP OF THE 6TH
Cleveland (APP) Indians batting - Pitching for Detroit (APP) Tigers : RHP Ramiro Silva
Batting: RHB Ricky Cordova 0-0: Ball
1-0: Called Strike
1-1: Foul Ball, location: 2F
1-2: Strikes out looking
Batting: LHB Rich Walker 0-0: Ball
1-0: Ball
2-0: Foul Ball, location: 2F
2-1: Called Strike
2-2: Strikes out looking
Batting: RHB Gashie Chimsima 0-0: Swinging Strike
0-1: Ground out 6-3 (Groundball, 6, EV 90.6 MPH)
Top of the 6th over - 0 runs, 0 hits, 0 errors, 0 left on base; Cleveland (APP) 4 - Detroit (APP) 3
BOTTOM OF THE 6TH
Detroit (APP) Tigers batting - Pitching for Cleveland (APP) Indians : LHP Alec Valencia
Batting: RHB German Quiroga 0-0: Called Strike
0-1: Fly out, F4 (Popup, 4S, EV 86.2 MPH)
Batting: RHB Nate Dabney 0-0: Called Strike
0-1: Ball
1-1: Ground out 6-3 (Groundball, 6, EV 86.9 MPH)
Batting: LHB Afanasy Zasekin 0-0: Ball
1-0: Ball
2-0: Ball
3-0: Base on Balls
Batting: RHB Jose Evangelista 0-0: Ball
1-0: Called Strike
1-1: Called Strike
1-2: Foul Ball, location: 2F
1-2: Ball
2-2: Ball
3-2: Strikes out looking
Bottom of the 6th over - 0 runs, 0 hits, 0 errors, 1 left on base; Cleveland (APP) 4 - Detroit (APP) 3
TOP OF THE 7TH
Cleveland (APP) Indians batting - Pitching for Detroit (APP) Tigers : RHP Ramiro Silva
Batting: RHB Andy Lewis 0-0: Ball
1-0: Swinging Strike
1-1: Ball
2-1: Foul Ball, location: 2F
2-2: Strikes out swinging
Batting: RHB Kenzo Shinoda 0-0: Ball
1-0: Foul Ball, location: 2F
1-1: Ball
2-1: Ball
3-1: SINGLE (Groundball, 4D, EV 98.8 MPH)
Batting: RHB John Bianconi 0-0: Called Strike
Kenzo Shinoda steals 2nd base
0-1: Ball
1-1: Called Strike
Kenzo Shinoda steals 3rd base
1-2: Ground out 3-1 (Groundball, 34S, EV 79.4 MPH)
Batting: LHB Shane Montalvo 0-0: Foul Ball, location: 2F
0-1: Swinging Strike
0-2: Foul Ball, location: 2F
0-2: Foul Ball, location: 2F
0-2: Ball
1-2: Ball
2-2: Foul Ball, location: 2F
2-2: Ball
3-2: Ground out U3 (Groundball, 3, EV 89.4 MPH)
Top of the 7th over - 0 runs, 1 hit, 0 errors, 1 left on base; Cleveland (APP) 4 - Detroit (APP) 3
BOTTOM OF THE 7TH
Detroit (APP) Tigers batting - Pitching for Cleveland (APP) Indians : LHP Alec Valencia
Batting: RHB Juan Acero 0-0: Ball
1-0: Ball
2-0: Foul Ball, location: 2F
2-1: Foul Ball, location: 2F
2-2: Ball
3-2: Hit by Pitch
Batting: RHB Carlos Avila 0-0: Ball
1-0: Ball
2-0: Bunt missed!
2-1: Ball
3-1: Sac Bunt to 15S - play at first, batter OUT! 1-4
Juan Acero to second
Pinch Hitting: LHB Isao Fukui 0-0: Ball
1-0: Ball
Juan Acero steals 3rd base
2-0: Foul Ball, location: 2F
2-1: Foul Ball, location: 2F
2-2: Fly out, F8 (Flyball, 78S, EV 90.6 MPH)
Pitching: RHP David Aldape
Batting: RHB Norm Wood 0-0: Foul Ball, location: 2F
0-1: Ground out 4-3 (Groundball, 4D, EV 99.4 MPH)
Bottom of the 7th over - 0 runs, 0 hits, 0 errors, 1 left on base; Cleveland (APP) 4 - Detroit (APP) 3
TOP OF THE 8TH
Cleveland (APP) Indians batting - Pitching for Detroit (APP) Tigers : RHP Ramiro Silva
Now in CF: Isao Fukui
Batting: LHB Jeff Palmowski 0-0: Ball
1-0: Called Strike
1-1: Swinging Strike
1-2: Ball
2-2: Strikes out swinging
Batting: RHB Eric Kuck 0-0: Called Strike
0-1: Foul Ball, location: 2F
0-2: Strikes out swinging
Batting: RHB Ricky Cordova 0-0: Ball
1-0: Ball
2-0: SOLO HOME RUN (Flyball, 7D, EV 91.9 MPH), Distance : 365 ft
Batting: LHB Rich Walker 0-0: Ball
1-0: Called Strike
1-1: Ball
2-1: Ball
3-1: Called Strike
3-2: Foul Ball, location: 2F
3-2: Base on Balls
Pitching: RHP Malcolm Holz
Batting: RHB Gashie Chimsima 0-0: Ball
1-0: Ball
2-0: Ball
3-0: Base on Balls
Rich Walker to second
Batting: RHB Andy Lewis 0-0: Called Strike
0-1: Foul Ball, location: 2F
0-2: Ball
Wild Pitch!
Rich Walker to third
Gashie Chimsima to second
1-2: Foul Ball, location: 2F
1-2: Fly out, F4 (Popup, 4, EV 66.2 MPH)
Top of the 8th over - 1 run, 1 hit, 0 errors, 2 left on base; Cleveland (APP) 5 - Detroit (APP) 3
BOTTOM OF THE 8TH
Detroit (APP) Tigers batting - Pitching for Cleveland (APP) Indians : RHP David Aldape
Batting: SHB Jean-Luc Legros 0-0: Swinging Strike
0-1: Ball
1-1: Ball
2-1: Called Strike
2-2: Strikes out swinging
Batting: RHB German Quiroga 0-0: Ball
1-0: Foul Ball, location: 2F
1-1: Foul Ball, location: 2F
1-2: Ball
2-2: Ball
3-2: Foul Ball, location: 2F
3-2: Foul Ball, location: 2F
3-2: Ground out 1-3 (Groundball, 34S, EV 65.6 MPH)
Batting: RHB Nate Dabney 0-0: Called Strike
0-1: Called Strike
0-2: Foul Ball, location: 2F
0-2: Ball
1-2: Strikes out swinging
Bottom of the 8th over - 0 runs, 0 hits, 0 errors, 0 left on base; Cleveland (APP) 5 - Detroit (APP) 3
TOP OF THE 9TH
Cleveland (APP) Indians batting - Pitching for Detroit (APP) Tigers : RHP Malcolm Holz
Batting: RHB Kenzo Shinoda 0-0: Called Strike
0-1: Called Strike
0-2: Ball
1-2: Ground out 1-3 (Groundball, P, EV 71.9 MPH)
Batting: RHB John Bianconi 0-0: Ball
1-0: Called Strike
1-1: Ground out 4-3 (Groundball, 4, EV 107.5 MPH)
Batting: LHB Shane Montalvo 0-0: Called Strike
0-1: Ball
1-1: Foul Ball, location: 2F
1-2: Foul Ball, location: 2F
1-2: Fly out, F6 (Line Drive, 56D, EV 72.5 MPH)
Top of the 9th over - 0 runs, 0 hits, 0 errors, 0 left on base; Cleveland (APP) 5 - Detroit (APP) 3
BOTTOM OF THE 9TH
Detroit (APP) Tigers batting - Pitching for Cleveland (APP) Indians : RHP David Aldape
Pitching: RHP Chris Gomez
Now in RF: Mike Staley
Batting: LHB Afanasy Zasekin 0-0: Swinging Strike
0-1: Called Strike
0-2: Ball
1-2: Strikes out swinging
Batting: RHB Jose Evangelista 0-0: Foul Ball, location: 2F
0-1: Ground out 6-3 (Groundball, 6MD, EV 103.8 MPH)
Batting: RHB Juan Acero 0-0: Called Strike
0-1: Foul Ball, location: 2F
0-2: Strikes out swinging, 2-3 out at first.
Bottom of the 9th over - 0 runs, 0 hits, 0 errors, 0 left on base; Cleveland (APP) 5 - Detroit (APP) 3
Tuesday, September 13th , 2022 - OOTP Baseball 23.7 Build 88